 Dungeon Crawl Stone Soup version 0.28-a0-895-g6e5f11bd55 (webtiles) character file.

Game seed: 11478199957852121246

284 vineage the Skirmisher (level 6, -1/40 HPs)
             Began as a Gargoyle Fighter on Nov 22, 2021.
             Slain by an orc (6 damage)
             ... on level 3 of the Dungeon.
             The game lasted 00:05:57 (4620 turns).

vineage the Skirmisher (Gargoyle Fighter)           Turns: 4620, Time: 00:05:57

Health: -1/40      AC: 13    Str: 20    XL:     6   Next: 29%
Magic:  6/6        EV: 10    Int:  8    God:
Gold:   168        SH:  0    Dex: 11    Spells: 5/5 levels left

rFire   + . .      SeeInvis .   a - +0 flail
rCold   x . .      Faith    .   c - +0 buckler
rNeg    + . .      Spirit   .   b - +0 scale mail
rPois   ∞          Reflect  .   (no helmet)
rElec   +          Harm     .   (no cloak)
rCorr   .          Rampage  .   j - +1 pair of gloves
Will    .....                   (no boots)
Stlth   ..........              (no amulet)
HPRegen 0.13/turn               e - ring of fire
MPRegen 0.10/turn               (no ring)

@: confused
A: sickness immunity, AC +4, negative energy resistance 1, electricity
resistance, torment resistance 1, petrification resistance, sturdy frame 1
a: no special abilities


You were on level 3 of the Dungeon.
You visited 1 branch of the dungeon, and saw 3 of its levels.

You collected 168 gold pieces.

Inventory:

Hand Weapons
 a - a +0 flail (weapon)
Armour
 b - a +0 scale mail (worn)
 c - a +0 buckler (worn)
 j - a +1 pair of gloves (worn)
Jewellery
 e - a ring of fire (left hand)
Wands
 g - a wand of iceblast (7)
Scrolls
 f - a scroll of identify {unknown}
Potions
 d - a potion of haste {unknown}
 h - a potion of mutation
 i - a potion of resistance {unknown}
 k - a potion of magic


   Skills:
 * Level 5.3 Fighting
 + Level 3.2 Maces & Flails
 + Level 4.4 Armour
 + Level 4.4 Shields


You had 5 spell levels left.
You didn't know any spells.
Your spell library was empty.

Dungeon Overview and Level Annotations

Branches:
Dungeon (3/15)

Altars:

Shops:
D:2 [


Innate Abilities, Weirdness & Mutations

You are immune to sickness and miasma.
Your stone body is resilient. (AC +4)
You are immune to poison.
You resist negative energy. (rN+)
You are resistant to electric shocks. (rElec)
You are resistant to unholy torment.
You are immune to petrification.
Your movements are slightly less encumbered by armour. (ER -2)


Message History

A magic dart appears from out of thin air!
The magic dart hits you!
You miss something. The orc barely misses you.
The orc hits you with a staff of cold. Something hits you but does no damage.
You closely miss something. The orc completely misses you.
Something hits you but does no damage. You block the orc's attack.
The orc closely misses you.
You miss something. Something hits you but does no damage.
The orc closely misses you. The orc hits you but does no damage.
You barely miss something.
You hear some strange, mumbled words.
A puff of flame appears from out of thin air!
The puff of flame hits you. You resist. The orc hits you but does no damage. x2
The orc misses you. Something hits you.
You closely miss something. You block the orc's attack.
The orc hits you with a staff of cold. Something hits you but does no damage.
You closely miss something. The orc hits you but does no damage.
Something hits you but does no damage. The orc closely misses you.
The orc hits you with a +0 flail.
You miss something.
You hear some strange, mumbled words.
You are confused.
The orc hits you but does no damage. The orc barely misses you.
You miss something. Something hits you but does no damage. The orc misses you.
The orc hits you with a +0 flail.
* * * LOW HITPOINT WARNING * * *
The orc hits you with a staff of cold.
* * * LOW HITPOINT WARNING * * *
Something hits you but does no damage.
You hit something.
The orc cheers loudly.
The orc hits you but does no damage. Something hits you but does no damage.
The orc barely misses you. The orc hits you with a +0 flail.
* * * LOW HITPOINT WARNING * * *
You miss something.
You hear some strange, mumbled words.
A magic dart appears from out of thin air!
The magic dart hits you but does no damage.
The orc hits you but does no damage. The orc hits you with a +0 flail.
You die...

#.....# #.....# ......#
#.....### ###......#
#.......####........#
#.(.....##..........#
#..<....##..........#
####......##........#
#.........##........#
#.....#........@{...##
#.....#........oo....###
#.......................
#.....................#
###....................
#.................#..
#.................####
####>...#.....#..........
......###............####


You could see 2 orcs.

Vanquished Creatures
  3 iguanas (D:3)
  7 gnolls
  6 adders
  3 worms (D:2)
  2 dart slugs
  4 orcs (D:3)
  5 ball pythons
  5 endoplasms
  6 hobgoblins
  4 jackals
  7 kobolds
  5 quokkas
  7 bats
  4 frilled lizards
  3 goblins
  3 rats
74 creatures vanquished.

Notes
Turn   | Place    | Note
-------+----------+-------------------------------------------
     0 | D:1      | vineage the Gargoyle Fighter began the quest for the Orb.
     0 | D:1      | Reached XP level 1. HP: 14/14 MP: 1/1
   379 | D:1      | Reached XP level 2. HP: 8/19 MP: 2/2
  1001 | D:1      | Found a faded altar of an unknown god.
  1467 | D:2      | Reached XP level 3. HP: 24/24 MP: 3/3
  1578 | D:2      | Found Wutao's Armour Emporium.
  1585 | D:2      | Reached skill level 4 in Fighting
  1971 | D:2      | Reached XP level 4. HP: 29/29 MP: 4/4
  2053 | D:2      | You fall into a shaft and drop 1 floor!
  2168 | D:3      | Noticed a black bear
  2734 | D:2      | Reached XP level 5. HP: 29/34 MP: 5/5
  3190 | D:2      | Gained mutation: Your movements are slightly less
                  | encumbered by armour. (ER -2) [potion of mutation]
  3918 | D:3      | Reached skill level 5 in Fighting
  4261 | D:3      | Reached XP level 6. HP: 40/40 MP: 6/6
  4620 | D:3      | Slain by an orc

Illustrated notes

Levels and vault maps discovered:
D:1:      dpeg_arrival_rooms_b, layout_basic, chequers_ecumenical_altar_twisty
D:2:      layout_basic, serial_shops, shop_fountains
D:3:      layout_basic, minmay_divided_ellipse

Skill      XL: |  1  2  3  4  5 |
---------------+----------------+-----
Fighting       | 4 5 |  5.3
Shields        | 4 |  4.4
Armour         | 4 |  4.4
Maces & Flails | 3 |  3.2

Action                   |  1- 3 |  4- 6 || total
-------------------------+-------+-------++-------
Melee: Flail             |    90 |   215 ||   305
  Use: Scroll            |     2 |     1 ||     3
       Potion            |       |     5 ||     5
Armor: Scale mail        |    40 |   176 ||   216
Dodge: Dodged            |    44 |   162 ||   206
Block: Buckler           |    14 |    70 ||    84

Table legend: (Time is in decaauts)
 A = Elapsed time spent in this place.
 B = Non-inter-level travel time spent in this place.
 C = Inter-level travel time spent in this place.
 D = Time resting spent in this place.
 E = Time spent auto-exploring this place.
 F = Levels seen in this place.
 G = Mean time per level.
                   A        B        C        D        E       F      G
               +--------+--------+--------+--------+--------+-----+--------+
         Total |   4706 |   4530 |    176 |    800 |   3063 |   3 | 1568.7 |
       Dungeon |   4706 |   4530 |    176 |    800 |   3063 |   3 | 1568.7 |
               +--------+--------+--------+--------+--------+-----+--------+

Top non-repeatable levels by time:
     D:2: 2176 daAuts
     D:1: 1449 daAuts
     D:3: 1081 daAuts
